AoeStats
← Rodrigo Lao Tse

Arabia

509869337Analyzed
1v1 RM · 3d ago on Sep 28, 2026· 25m 20s· 2 players
Game mode
Random Map
Map size
Tiny (2 player)
Population
200
Speed
Normal
Resources
Standard
Victory
Conquest
Starting age
Dark Age
Ending age
Imperial Age
RankedLock teamsTeams togetherTeam positionsShared explorationLock speedFull tech treeHidden civsTurbo modeCheats
Victory
Defeat
🇫🇷 Magyars · France
854
+16
🇨🇱 Maya · Chile
862
-16
Oaris22
3:29 Loom
7:42 Loom
10:12 Feudal Age
11:34 Horse Collar
12:07 Double-Bit Axe
16:14 Scale Barding Armor
18:39 Bloodlines
22:34 Castle Age
24:18 Husbandry
Rodrigo Lao Tse
0:26 Loom
9:29 Feudal Age
Connection lost

Rejoining the realm…

Still unreachable

The connection could not be restored.

Session expired

The server has moved on; the page needs a fresh start.